 Dungeon Crawl Stone Soup version 0.26-a0-812-g31a745ddcd (webtiles) character file.

Game seed: 6251464898179220370

767 feelmyfire the Agent of Entropy (level 7, -3/52 HPs)
             Began as a Demonspawn Abyssal Knight on Nov 25, 2020.
             Was a Priest of Lugonu.
             Slain by a gnoll
             ... wielding a +0 flail
              (8 damage)
             ... on level 5 of the Dungeon.
             The game lasted 00:06:59 (5793 turns).

feelmyfire the Agent of Entropy (DsAK)              Turns: 5793, Time: 00:06:59

Health: -3/52      AC:  6    Str: 14    XL:     7   Next: 52%
Magic:  12/12      EV: 11    Int: 14    God:    Lugonu [***...]
Gold:   303        SH:  0    Dex: 12    Spells: 6/6 levels left

rFire    . . .     SeeInvis +   y - +2 dagger (venom)
rCold    . . .     Faith    .   (no shield)
rNeg     . . .     Spirit   .   n - +0 ring mail
rPois    .         Reflect  .   (no helmet)
rElec    .         Harm     .   (no cloak)
rCorr    .         Rampage  .   w - +0 pair of gloves
MR       .....                  (no boots)
Stlth    +.........             f - amulet of magic regeneration
HPRegen  0.17/turn              d - ring of see invisible
MPRegen  0.38/turn              (no ring)

@: hasted, very quick
A: powered by death 1, powered by pain 1, sturdy frame 1
a: Depart the Abyss, Bend Space, Banish, Renounce Religion


You were on level 5 of the Dungeon.
You worshipped Lugonu.
Lugonu was most pleased with you.
You visited 1 branch of the dungeon, and saw 5 of its levels.
You visited the Abyss 1 time.

You collected 303 gold pieces.

Inventory:

Hand Weapons
 a - a +1 falchion
 s - a +2 dagger of protection
 y - a +2 dagger of venom (weapon)
Armour
 b - a +0 leather armour
 n - a +0 ring mail (worn)
 w - a +0 pair of gloves (worn)
Jewellery
 d - a ring of see invisible (left hand)
 f - an amulet of magic regeneration (around neck)
 o - an uncursed ring of positive energy {unknown}
 p - an uncursed ring of ice {unknown}
 t - an uncursed ring of fire {unknown}
 D - an uncursed ring of stealth {unknown}
Scrolls
 e - 4 scrolls of remove curse {unknown}
 i - a scroll of enchant weapon {unknown}
 j - 7 scrolls of identify {unknown}
 k - a scroll of fog {unknown}
 m - 2 scrolls of teleportation {unknown}
 r - a scroll of enchant armour {unknown}
 v - 2 scrolls of immolation {unknown}
 B - 2 scrolls of magic mapping {unknown}
 E - a scroll of random uselessness {unknown}
Potions
 c - 2 potions of haste
 g - a potion of might {unknown}
 h - 4 potions of degeneration {unknown}
 l - 3 potions of heal wounds {unknown}
 q - 3 potions of curing {unknown}
 u - a potion of ambrosia {unknown}
 x - a potion of cancellation {unknown}
 z - 2 potions of brilliance {unknown}
 A - 2 potions of mutation {unknown}
 C - 2 potions of lignification {unknown}
 F - a potion of attraction {unknown}


   Skills:
 - Level 3.0 Fighting
 * Level 6.5 Long Blades
 - Level 1.7 Armour
 - Level 0.8 Dodging
 + Level 6.7 Invocations


You had 6 spell levels left.
You didn't know any spells.
Your spell library was empty.

Dungeon Overview and Level Annotations

Branches:
Dungeon (5/15)             Temple (0/1) D:5

Altars:
Ashenzari
Fedhas

Annotations:
D:3 1 runed translucent door, Crazy Yiuf
D:5 3 runed translucent doors


Innate Abilities, Weirdness & Mutations

You regenerate a little health from kills.
You sometimes gain a little power by taking damage.
Your movements are slightly less encumbered by armour. (ER -2)


Message History

You struggle against the net.
You kill the gnoll shaman!
Lugonu accepts your kill. The gnoll hits you but does no damage.
The gnoll hits you with a +0 flail! The gnoll hits you with a +0 flail.
You take 15 damage, and have 17/52 hp.
MASSIVE DAMAGE!!
You rip the net and break free!
The gnoll hits you but does no damage. The gnoll misses you.
The gnoll completely misses you.
You hear the rapid rusting of a distant drain.
The gnoll hits you with a +0 flail.
* * * LOW HITPOINT WARNING * * *
The gnoll hits you with a +0 flail!
* * * LOW HITPOINT WARNING * * *
You take 12 damage, and have 5/52 hp.
MASSIVE DAMAGE!!
You feel yourself speed up. The gnoll hits you but does no damage.
The gnoll hits you with a +0 flail!
You die...

..≈≈≈≈....................
..≈≈≈≈....................
..≈≈≈≈##..................
##≈≈≈≈................#...
#≈≈≈≈≈..................#
.≈≈≈≈≈.####............##
.≈≈≈≈... #..####...#..##.[
#≈≈≈≈...##...# #......#...
Z≈≈≈≈##...<..###@..#..#...
≈≈≈g≈.##...#...gg(.(..+...
≈≈≈≈...#...#..)g..$...+(..
≈≈≈≈...>..............+...
≈≈≈≈###...............#...
≈≈≈88.................#...
........##........###.##.
..............#....# ..#
≈≈≈88.........#..... ..


You could see 3 gnolls.

Vanquished Creatures
  Sigmund (D:3)
  A sky beast (D:5)
  An ogre (D:4)
  A phantom (D:4)
  A scorpion (D:5)
  A hound (D:4)
  A gnoll shaman (D:5)
  An orc priest (D:5)
  Jessica (D:3)
  A worker ant (D:4)
  A hound zombie (D:5)
  A hound skeleton (D:5)
  3 adders
  3 oozes
  2 worms (D:3)
  2 dart slugs
  2 leopard geckos
  5 orcs
  3 giant cockroaches (D:2)
  7 goblins
  6 hobgoblins
  11 jackals
  13 kobolds
  A ball python (D:1)
  A ball python zombie (D:5)
  6 bats
  11 frilled lizards
  A jackal skeleton (D:4)
  8 rats
97 creatures vanquished.

Notes
Turn   | Place    | Note
-------+----------+-------------------------------------------
     0 | Abyss:1  | feelmyfire the Demonspawn Abyssal Knight began the quest
                  | for the Orb.
     0 | Abyss:1  | Reached XP level 1. HP: 18/18 MP: 2/2
    37 | Abyss:1  | Noticed a lich
    39 | D:1      | Escaped the Abyss
   268 | D:1      | Reached * piety under Lugonu
   324 | D:1      | Gained mutation: You sometimes gain a little power by
                  | taking damage. [demonic ancestry]
   324 | D:1      | Reached XP level 2. HP: 11/24 MP: 4/4
  1073 | D:2      | Gained mutation: Your movements are slightly less
                  | encumbered by armour. (ER -2) [demonic ancestry]
  1073 | D:2      | Reached XP level 3. HP: 29/29 MP: 5/5
  1821 | D:2      | Reached ** piety under Lugonu
  2169 | D:3      | Reached XP level 4. HP: 35/35 MP: 6/6
  2365 | D:3      | Noticed Jessica
  2372 | D:3      | Killed Jessica
  2400 | D:3      | Found a broken altar of Ashenzari.
  3339 | D:3      | Noticed Sigmund
  3441 | D:3      | Killed Sigmund
  3441 | D:3      | Reached skill level 5 in Invocations
  3441 | D:3      | Gained mutation: You regenerate a little health from kills.
                  | [demonic ancestry]
  3441 | D:3      | Reached XP level 5. HP: 7/41 MP: 8/8
  3441 | D:3      | Reached XP level 6. HP: 8/47 MP: 9/9
  3722 | D:3      | Found a runed translucent door.
  3723 | D:3      | Noticed Crazy Yiuf
  3737 | D:3      | Found a blossoming altar of Fedhas.
  4207 | D:4      | Reached *** piety under Lugonu
  4207 | D:4      | Reached skill level 5 in Long Blades
  4855 | D:4      | Reached XP level 7. HP: 51/52 MP: 11/11
  5047 | D:5      | Entered Level 5 of the Dungeon
  5047 | D:5      | Found a staircase to the Ecumenical Temple.
  5771 | D:5      | Found a runed translucent gate.
  5772 | D:5      | Found a runed translucent gate.
  5773 | D:5      | Found a runed translucent gate.
  5793 | D:5      | Slain by a gnoll

Illustrated notes

Levels and vault maps discovered:
D:1:      wander_arrival_abandoned_jail, layout_basic, bh_walls_and_bars
D:2:      layout_loops_cross, item_on_display_b
D:3:      layout_rooms, overflow_temple_1_default, cheibrodos_ashenzari_chains,
          uniq_crazy_yiuf_cottage, uniq_sigmund, uniq_jessica
D:4:      layout_loops_corners
D:5:      wander_river, layout_cave_pools, lemuel_doored_altar,
          minmay_temple_entry_stoned_glass, gammafunk_ghost_icy,
          portal_sewer_entry_b, kennysheep_generic_room_3

Skill      XL: |  1  2  3  4  5  6  7 |
---------------+----------------------+-----
Long Blades    | 2 3 4 5 6 |  6.5
Invocations    | 3 5 6 |  6.7
Fighting       | |  3.0
Armour         | |  1.7
Dodging        | |  0.8

Action                   |  1- 3 |  4- 6 |  7- 9 || total
-------------------------+-------+-------+-------++-------
Melee: Falchion          |   106 |       |       ||   106
       Dagger            |    70 |   166 |    83 ||   319
Invok: Depart the Abyss  |     1 |       |       ||     1
  Use: Potion            |       |       |     1 ||     1
 Stab: Sleeping          |       |     1 |       ||     1
Armor: Ring mail         |    70 |    44 |    42 ||   156
       Leather armour    |     5 |       |       ||     5
Dodge: Dodged            |   109 |    67 |    63 ||   239
       Rpst.: Falchion   |    18 |       |       ||    18

Table legend: (Time is in decaauts)
 A = Elapsed time spent in this place.
 B = Non-inter-level travel time spent in this place.
 C = Inter-level travel time spent in this place.
 D = Time resting spent in this place.
 E = Time spent auto-exploring this place.
 F = Levels seen in this place.
 G = Mean time per level.
                   A        B        C        D        E       F      G
               +--------+--------+--------+--------+--------+-----+--------+
         Total |   5787 |   5564 |    223 |   1865 |   2752 |   6 |  964.5 |
       Dungeon |   5748 |   5525 |    223 |   1865 |   2740 |   5 | 1149.6 |
         Abyss |     39 |     39 |      0 |      0 |     12 |   1 |   39.0 |
               +--------+--------+--------+--------+--------+-----+--------+

Top non-repeatable levels by time:
     D:4: 1486 daAuts
     D:3: 1471 daAuts
     D:2: 1344 daAuts
     D:1: 1031 daAuts
     D:5: 415 daAuts
 Abyss:1: 39 daAuts
